 Dungeon Crawl Stone Soup version 0.18.1-1-g2f07953 (webtiles) character file.

1430 Danakh the Chopper (level 8, -2/64 HPs)
             Began as a Demonspawn Fighter on May 17, 2016.
             Was an Initiate of Ru.
             Slain by an orc warrior
             ... wielding a +0 halberd
              (7 damage)
             ... on level 6 of the Dungeon on May 18, 2016.
             The game lasted 00:10:11 (4933 turns).

Danakh the Chopper (Demonspawn Fighter)             Turns: 4933, Time: 00:10:12

Health: -2/64      AC: 13    Str: 16    XL:     8   Next: 45%
Magic:  8/8        EV:  7    Int: 11    God:    Ru [......]
Gold:   283        SH: 10    Dex: 19    Spells: 0 memorised, 7 levels left

rFire  . . .     SeeInvis .     a - +0 war axe
rCold  . . .     Gourm    .     q - +3 scale mail
rNeg   . . .     Faith    .     c - +0 shield
rPois  +         Spirit   .     (no helmet)
rElec  .         Dismiss  .     y - +0 cloak {rPois}
rCorr  .         Reflect  .     (no gloves)
SustAt .         Harm     .     j - +0 pair of boots
MR     .....                    (no amulet)
Stlth  ..........               (no ring)
                                l - +5 ring of dexterity

@: not resistant to hostile enchantments, extremely unstealthy
A: talons 1, icy blue scales 1, spiny 1
a: Renounce Religion


You were on level 6 of the Dungeon.
You worshipped Ru.
Ru was noncommittal.
You were not hungry.

You visited 2 branches of the dungeon, and saw 7 of its levels.
You also visited: Sewer.

You collected 283 gold pieces.

Inventory:

Hand Weapons
 a - a +0 war axe (weapon)
Armour
 c - a +0 shield (worn)
 j - a +0 pair of boots (worn)
 q - a +3 scale mail (worn)
 y - a +0 cloak of poison resistance (worn)
Jewellery
 l - a +5 ring of dexterity (left hand)
Wands
 w - a wand of iceblast (8/15)
Scrolls
 e - 10 scrolls of identify {unknown}
 g - a scroll of enchant armour {unknown}
 h - 2 scrolls of fog {unknown}
 i - 2 scrolls of remove curse {unknown}
 k - 3 scrolls of teleportation {unknown}
 m - 3 scrolls of blinking {unknown}
 p - a scroll of random uselessness {unknown}
 r - 2 scrolls of fear {unknown}
 u - a scroll of noise {unknown}
 v - 2 scrolls of enchant weapon {unknown}
Potions
 b - a potion of curing {unknown}
 d - 4 potions of might
 n - 2 potions of brilliance {unknown}
 s - a potion of haste {unknown}
 t - a potion of heal wounds {unknown}
 x - 2 potions of agility {unknown}
 B - a potion of invisibility {unknown}
Comestibles
 f - 3 bread rations
 o - a slice of pizza
 z - 2 beef jerkies
 A - a chunk of flesh


   Skills:
 + Level 5.6 Fighting
 * Level 6.4 Axes
 + Level 4.7 Armour
 + Level 5.0 Shields


You had 7 spell levels left.
You didn't know any spells.

Dungeon Overview and Level Annotations

Branches:
Dungeon (6/15)             Temple (1/1) D:5

Altars:
Cheibriados
Elyvilon
Gozag
Makhleb
Nemelex Xobeh
Pakellas
Qazlal
Ru
Trog
Yredelemnul
Zin
The Shining One


Innate Abilities, Weirdness & Mutations

You have sharp toenails.
You are partially covered in icy blue scales (AC +1).
You are partially covered in sharp spines.


Message History

The orc warrior is severely wounded.
The orc warrior hits you with a halberd!!
* * * LOW HITPOINT WARNING * * *
You are too injured to fight recklessly!
You are too injured to fight recklessly!
You hit the orc warrior.
The orc warrior is severely wounded.
The orc warrior hits you with a halberd!
* * * LOW HITPOINT WARNING * * *
You closely miss the orc warrior.
The orc warrior is severely wounded.
The orc warrior is struck by your spines.
The orc warrior barely misses you.
You hit the orc warrior but do no damage.
The orc warrior is almost dead.
You block the orc warrior's attack.
You closely miss the orc warrior.
The orc warrior is almost dead.
The orc warrior hits you with a halberd!
You die...

........###############
........#.............#
........#..........>..#
........+....o........#
........#....@..).....#
........###..###....###
#..)[..######....##
+..†...# #......#
#......# #......#
#...(..# #......#
#......# #......#
#....(.# #......#
##+#......# ##.....#


You could see an orc warrior.

Vanquished Creatures
  2 phantoms (D:4)
  A centaur (D:4)
  8 big kobolds (Sewer)
  2 crimson imps
  A jelly (D:6)
  An orc priest (D:6)
  Crazy Yiuf (D:4)
  A centaur skeleton (D:6)
  A giant frog skeleton (D:6)
  Jessica (D:2)
  An iguana (D:5)
  4 worker ants (D:5)
  A hound zombie (D:5)
  A worker ant zombie (D:5)
  9 adders
  2 river rats
  5 oozes (Sewer)
  An adder zombie (D:5)
  4 worms
  A dart slug (D:5)
  8 giant geckos
  12 orcs
  4 giant cockroaches
  4 goblins (D:1)
  5 hobgoblins
  7 jackals
  7 kobolds
  2 quokkas
  3 ball pythons
  4 bats
  A giant cockroach zombie (D:5)
  2 giant newts (D:3)
  A quokka skeleton (D:5)
  13 rats
121 creatures vanquished.

Notes
Turn   | Place    | Note
--------------------------------------------------------------
     0 | D:1      | Danakh the Demonspawn Fighter began the quest for the Orb.
     0 | D:1      | Reached XP level 1. HP: 18/18 MP: 1/1
    95 | D:1      | Reached skill level 2 in Axes
   287 | D:1      | Gained mutation: You are partially covered in icy blue scales (AC +1). [demonic ancestry]
   287 | D:1      | Reached XP level 2. HP: 23/24 MP: 2/2
   878 | D:2      | Gained mutation: You are partially covered in sharp spines. [demonic ancestry]
   878 | D:2      | Reached XP level 3. HP: 13/29 MP: 3/3
  1147 | D:2      | Noticed Jessica
  1151 | D:2      | Killed Jessica
  1215 | D:2      | Reached XP level 4. HP: 32/35 MP: 4/4
  1658 | D:3      | Reached skill level 3 in Axes
  1898 | D:3      | Reached XP level 5. HP: 42/42 MP: 5/5
  1934 | D:3      | Found a glowing drain.
  1946 | Sewer    | Entered a sewer
  2088 | Sewer    | Reached skill level 4 in Axes
  2088 | Sewer    | Gained mutation: You have sharp toenails. [demonic ancestry]
  2088 | Sewer    | Reached XP level 6. HP: 48/48 MP: 6/6
  2221 | Sewer    | Reached XP level 7. HP: 40/55 MP: 7/7
  2286 | Sewer    | Reached skill level 5 in Axes
  2489 | D:3      | Found a basalt altar of Yredelemnul.
  2539 | D:3      | Found a glowing golden altar of the Shining One.
  2541 | D:3      | Noticed an angel
  2777 | D:4      | Found an oddly glowing altar of Pakellas.
  2798 | D:4      | Reached skill level 5 in Fighting
  3170 | D:4      | Reached XP level 8. HP: 57/62 MP: 8/8
  3549 | D:4      | Noticed Crazy Yiuf
  3556 | D:4      | Killed Crazy Yiuf
  3821 | D:5      | Entered Level 5 of the Dungeon
  3821 | D:5      | Found a staircase to the Ecumenical Temple.
  3899 | D:5      | Reached skill level 6 in Axes
  4362 | D:5      | Found a stormy altar of Qazlal.
  4464 | Temple   | Entered the Ecumenical Temple
  4520 | Temple   | Became a worshipper of Ru the Awakened
  4741 | D:5      | Reached skill level 5 in Shields
  4933 | D:6      | Slain by an orc warrior

Skill      XL: |  1  2  3  4  5  6  7  8 |
---------------+-------------------------+-----
Axes           | 2 3 4 5 6 |  6.4
Shields        | 3 4 5 |  5.0
Armour         | 3 4 |  4.7
Fighting       | 4 5 |  5.6

Action                   |  1- 3 |  4- 6 |  7- 9 || total
-------------------------+-------+-------+-------++-------
Melee: War axe           |    86 |   101 |   171 ||   358
  Eat: Chunk             |     1 |     3 |    10 ||    14
Armor: Scale mail        |    41 |    27 |    70 ||   138
Dodge: Dodged            |    24 |    26 |    44 ||    94
Block: Shield            |    42 |    61 |    92 ||   195
